 Dungeon Crawl Stone Soup version 0.22.1-1-ga44c0e56f4 (webtiles) character file.

9419 Ihlosi the Fighter (level 11, 0/127 HPs)
             Began as an Ogre Fighter on Nov 1, 2018.
             Was an Elder of Okawaru.
             Slain by an eight-headed hydra (15 damage)
             ... on level 4 of the Lair of Beasts.
             The game lasted 00:47:19 (14807 turns).

Ihlosi the Fighter (Ogre Fighter)                  Turns: 14807, Time: 00:47:20

Health: 0/127      AC:  3    Str: 27    XL:     11   Next: 46%
Magic:  13/13      EV: 13    Int:  9    God:    Okawaru [****..]
Gold:   661        SH: 10    Dex: 17    Spells: 10/10 levels left

rFire    . . .     SeeInvis .   a - +3 whip (elec)
rCold    . . .     Gourm    .   c - +0 shield
rNeg     . . .     Faith    .   q - +0 robe
rPois    +         Spirit   .   k - +0 hat
rElec    .         Reflect  .   (no cloak)
rCorr    .         Harm     .   (gloves unavailable)
MR       +....                  (boots unavailable)
Stlth    ++........             E - amulet of the acrobat
HPRegen  0.31/turn              u - +6 ring of dexterity
MPRegen  0.13/turn              i - ring of poison resistance

@: mighty, about to teleport
A: large, unfitting armour, tough skin 1
a: Heroism, Renounce Religion


You were on level 4 of the Lair of Beasts.
You worshipped Okawaru.
Okawaru was greatly pleased with you.
You were hungry.

You visited 3 branches of the dungeon, and saw 14 of its levels.
You also visited: Sewer.

You collected 661 gold pieces.

Inventory:

Hand Weapons
 a - a +3 whip of electrocution (weapon)
 b - a +0 flail
 y - a +0 short sword of venom
 z - the +8 falchion of Division {vamp, rElec rF+}
   (You found it on level 5 of the Dungeon)

   It inflicts no extra harm, but heals its wielder when it wounds a living foe.
   It protects you from fire.
   It insulates you from electricity.
 H - a +0 morningstar
 J - a +0 dagger of speed
 M - a +2 vampiric dagger
 Q - the +3 flail of Disaster {drain, MR+}
   (You found it on level 3 of the Lair of Beasts)

   A truly terrible weapon, it drains the life of those it strikes.
   It affects your resistance to hostile enchantments.
Armour
 c - a +0 shield (worn)
 k - a +0 hat (worn)
 q - a +0 robe (worn)
 t - a cursed +0 robe
Magical Staves
 P - an uncursed staff of summoning {unknown}
Jewellery
 e - an uncursed ring of positive energy
 i - a ring of poison resistance (right hand)
 n - an uncursed amulet of harm
 u - a +6 ring of dexterity (left hand)
 E - an amulet of the acrobat (around neck)
 G - an uncursed ring of protection from magic
 O - an uncursed ring of see invisible
Wands
 l - a wand of digging (22)
 v - a wand of flame (73)
 C - a wand of disintegration (18)
 K - a wand of paralysis (7)
Scrolls
 d - 2 scrolls of identify
 g - 6 scrolls of remove curse
 h - 3 scrolls of teleportation
 j - 2 scrolls of random uselessness
 m - a scroll of immolation {unknown}
 o - 4 scrolls of enchant weapon
 p - 2 scrolls of amnesia
 s - a scroll of fog
 D - 2 scrolls of enchant armour {unknown}
 F - 3 scrolls of magic mapping
 L - 2 scrolls of blinking {unknown}
 N - a scroll of vulnerability {unknown}
Potions
 r - a potion of heal wounds
 w - 3 potions of brilliance
 x - 7 potions of curing
 A - 3 potions of flight
 B - a potion of might
 I - a potion of haste {unknown}
 R - a potion of ambrosia {unknown}
Comestibles
 f - 10 rations


   Skills:
 + Level 13.6 Fighting
 * Level 10.0 Maces & Flails
 * Level 7.7 Dodging
 - Level 0.2 Stealth
 - Level 3.0 Shields
 - Level 3.0 Invocations
 - Level 3.0 Evocations


You had 10 spell levels left.
You didn't know any spells.
Your spell library was empty.

Dungeon Overview and Level Annotations

Branches:
Dungeon (9/15)             Temple (1/1) D:4            Lair (4/6) D:9
 Shoals (0/4) Lair:4       Spider (0/4) Lair:4
    Orc: D:9-12

Altars:
Ashenzari
Cheibriados
Dithmenos
Elyvilon
Fedhas
Gozag
Hepliaklqana
Kikubaaqudgha
Makhleb
Nemelex Xobeh
Okawaru
Qazlal
Ru
Sif Muna
Trog
Uskayaw
Vehumet
Wu Jian
Xom
Yredelemnul
Zin
The Shining One

Shops:
D:4 %   D:5 (

Annotations:
D:9 Cyclops!, exclusion: manticore
Lair:1 exclusion: oklob plant
Lair:2 Hydra
Lair:3 exclusions: downstairs, hydra and oklob plant


Innate Abilities, Weirdness & Mutations

You are too large for most types of armour.
You have tough skin. (AC +1)


Message History

* * * LOW HITPOINT WARNING * * *
You block the eight-headed hydra's attack. x2
The eight-headed hydra bites you.
* * * LOW HITPOINT WARNING * * *
The eight-headed hydra misses you.
You block the eight-headed hydra's attack.
The eight-headed hydra bites you!
* * * LOW HITPOINT WARNING * * *
The eight-headed hydra bites you.
* * * LOW HITPOINT WARNING * * *
You feel much better.
The five-headed hydra closely misses you.
You block the five-headed hydra's attack.
The five-headed hydra bites you!
* * * LOW HITPOINT WARNING * * *
You block the five-headed hydra's attack.
The five-headed hydra bites you!
* * * LOW HITPOINT WARNING * * *
The eight-headed hydra bites you!
You die...

♣♣ ♣ ♣ ♣♣ ♣♣..♣.
.# ...... ..# #
P#.>.. ...# .#
## ..#
....###### ..#
#.
.....#...##..#
...P........P##
#PP.#..D@.....#
.........D.....^
.#.###.....^..(.
###..^^.^^.
..^..^.^^
#...^.^.^
#.....^>^
#..^^^^^^
..^^..^


You could see an eight-headed hydra and a five-headed hydra.

Vanquished Creatures
  A centaur zombie (D:7)
  4 spiny frogs
  2 rime drakes
  2 komodo dragons (Lair:3)
  4 hippogriffs
  Grinder (D:3)
  3 yaks (Lair:1)
  2 basilisks
  A hungry ghost (D:7)
  4 porcupines
  2 orc warriors (D:7)
  A sky beast (D:7)
  2 ice beasts (D:7)
  2 phantoms
  2 ogres
  A centaur (D:7)
  6 wolves
  6 crocodiles
  A big kobold (Sewer)
  9 bullfrogs
  3 scorpions
  27 killer bees
  An electric eel (Lair:2)
  2 howler monkeys (D:7)
  A bullfrog zombie (D:5)
  A crimson imp (D:5)
  6 orc priests
  2 hounds
  Jessica (D:3)
  A centaur skeleton (D:6)
  Ijyb (D:3)
  3 iguanas
  2 orc wizards
  5 worker ants
  6 river rats
  8 adders
  2 oozes
  2 adder zombies
  An adder skeleton (D:6)
  3 worms
  4 dart slugs
  6 leopard geckos
  28 orcs
  11 bats
  7 giant cockroaches
  13 goblins
  7 hobgoblins
  13 jackals
  A quokka (D:8)
  4 ball pythons
  6 frilled lizards
  A jackal skeleton (D:7)
  23 kobolds
  25 rats
283 creatures vanquished.

Vanquished Creatures (others)
  3 fungi
  2 plants (Lair:2)
5 creatures vanquished.

Grand Total: 288 creatures vanquished

Notes
Turn   | Place    | Note
-------+----------+-------------------------------------------
     0 | D:1      | Ihlosi the Ogre Fighter began the quest for the Orb.
     0 | D:1      | Reached XP level 1. HP: 24/24 MP: 1/1
   106 | D:1      | Reached XP level 2. HP: 30/33 MP: 2/2
   389 | D:1      | Reached XP level 3. HP: 38/40 MP: 3/3
   860 | D:2      | Reached skill level 5 in Fighting
   860 | D:2      | Reached XP level 4. HP: 27/50 MP: 4/4
  1001 | D:2      | Found a hide-covered altar of Uskayaw.
  1452 | D:2      | Found a shimmering altar of Xom.
  1455 | D:2      | Found a bloodstained altar of Trog.
  1907 | D:3      | Noticed Jessica
  1907 | D:3      | Noticed Grinder
  1907 | D:3      | Paralysed by Grinder for 7 turns
  2134 | D:3      | Reached XP level 5. HP: 57/57 MP: 5/5
  2155 | D:3      | Killed Jessica
  2298 | D:3      | Noticed Ijyb
  2310 | D:3      | Killed Ijyb
  3273 | D:4      | Reached XP level 6. HP: 67/67 MP: 6/6
  3300 | D:4      | Reached skill level 6 in Fighting
  3330 | D:4      | Found Goostrem's Food Shoppe.
  3427 | D:4      | Found a staircase to the Ecumenical Temple.
  3516 | D:4      | Found a glowing drain.
  3624 | Sewer    | Entered a sewer
  4188 | Sewer    | Reached XP level 7. HP: 55/76 MP: 7/7
  4624 | D:4      | Reached skill level 7 in Fighting
  4808 | D:5      | Entered Level 5 of the Dungeon
  4835 | D:5      | Found Zeath's Weapon Emporium.
  4939 | D:3      | Paralysed by Grinder for 4 turns
  4946 | D:3      | Killed Grinder
  4946 | D:3      | Reached skill level 5 in Maces & Flails
  5166 | D:5      | Reached XP level 8. HP: 88/88 MP: 8/8
  5177 | D:5      | Reached skill level 8 in Fighting
  5419 | D:5      | Got a steaming falchion
  5806 | D:6      | Reached skill level 5 in Dodging
  6114 | D:6      | Reached skill level 9 in Fighting
  6705 | D:7      | Reached skill level 10 in Fighting
  6705 | D:7      | Reached XP level 9. HP: 62/101 MP: 9/9
  6825 | D:7      | Reached skill level 11 in Fighting
  7025 | D:7      | Identified the +8 falchion of Division {vamp, rElec rF+}
                  | (You found it on level 5 of the Dungeon)
  7271 | D:8      | Noticed a two-headed ogre
  7406 | D:7      | Reached skill level 1 in Evocations
  7985 | Temple   | Entered the Ecumenical Temple
  8069 | Temple   | Became a worshipper of Warmaster Okawaru
  8233 | D:8      | Reached skill level 12 in Fighting
  8303 | D:8      | Noticed a hornet
  8353 | D:9      | Found a glowing silver altar of Zin.
  8353 | D:9      | Found a blossoming altar of Fedhas.
  8360 | D:9      | Noticed a manticore
  8441 | D:9      | Found a snail-covered altar of Cheibriados.
  8488 | D:9      | Found a staircase to the Lair.
  8493 | D:9      | Noticed a cyclops
  8499 | Lair:1   | Entered Level 1 of the Lair of Beasts
  8505 | Lair:1   | Reached skill level 1 in Invocations
  8946 | Lair:1   | Noticed an oklob plant
  8974 | Lair:1   | Reached XP level 10. HP: 114/115 MP: 11/11
  9289 | Lair:2   | Reached * piety under Okawaru
  9882 | Lair:3   | Noticed a spiny frog
  9890 | Lair:2   | Reached ** piety under Okawaru
  9965 | Lair:2   | Noticed an eight-headed hydra
 10212 | Lair:2   | Noticed a spiny frog
 10238 | Lair:2   | Killed a spiny frog
 10373 | Lair:2   | Noticed a spiny frog
 10383 | Lair:2   | Killed a spiny frog
 10383 | Lair:2   | Reached skill level 13 in Fighting
 10990 | Lair:2   | Noticed a spiny frog
 11027 | Lair:1   | Reached *** piety under Okawaru
 11177 | Lair:2   | Killed a spiny frog
 11393 | Lair:3   | Reached XP level 11. HP: 92/127 MP: 13/13
 11419 | Lair:3   | You fall through a shaft!
 11422 | Lair:4   | Found a staircase to the Shoals.
 11442 | Lair:4   | Noticed an eight-headed hydra
 11920 | Lair:3   | Got an ichor-stained flail
 11921 | Lair:3   | Identified the cursed +3 flail of Disaster {drain, MR+}
                  | (You found it on level 3 of the Lair of Beasts)
 12010 | Lair:3   | Noticed a seven-headed hydra
 12462 | Lair:3   | Noticed an oklob plant
 12711 | Lair:3   | Noticed an eight-headed hydra
 14722 | Lair:4   | Reached **** piety under Okawaru
 14774 | Lair:4   | Reached skill level 10 in Maces & Flails
 14804 | Lair:4   | Found a hole to the Spider Nest.
 14804 | Lair:4   | Noticed a five-headed hydra
 14806 | Lair:4   | HP: 5/127 [eight-headed hydra (15)]
 14807 | Lair:4   | Slain by an eight-headed hydra

Skill      XL: |  1  2  3  4  5  6  7  8  9 10 11 |
---------------+----------------------------------+-----
Maces & Flails | 2 3 4 5 6 7 9 10 | 10.0
Shields        | 3 |  3.0
Fighting       | 5 6 7 10 12 13 | 13.6
Dodging        | 3 4 5 6 7 |  7.7
Evocations     | 2 3 |  3.0
Invocations    | 1 3 |  3.0
Stealth        | |  0.2

Action                   |  1- 3 |  4- 6 |  7- 9 | 10-12 || total
-------------------------+-------+-------+-------+-------++-------
Melee: Flail             |    85 |    37 |       |       ||   122
       Whip              |       |   279 |   310 |   283 ||   872
Evoke: Wand              |       |       |       |     6 ||     6
  Use: Potion            |     1 |       |     8 |     7 ||    16
       Scroll            |       |     1 |    10 |     5 ||    16
 Stab: Sleeping          |       |       |     1 |       ||     1
  Eat: Chunk             |       |    11 |    14 |     9 ||    34
       Ration            |       |       |       |     3 ||     3
Armor: Robe              |    25 |    58 |    22 |    16 ||   121
Dodge: Dodged            |    35 |    80 |    99 |   173 ||   387
Block: Shield            |    36 |   137 |   103 |   165 ||   441
